Unix NetHack Version 3.7.0-53 Work-in-progress - last build Apr 18 2022 03:42:42 (02b85442fffe0e2954e411e09df771b56fe27bbc,branch:master). Game began 2022-05-02 20:03:13, ended 2022-05-04 17:53:04. spontiff, neutral male gnomish Healer --------------- #..............| -------- --------------- #|.............| #-......|#####-..0..........| #.....|.........#######|......-# |.............| #------#-.------## |......|#####-.............| ## ############ |......|# |.............| #### #### ## -----.--# |.............| ---######### # #######0### -----------.--- --.--## --.-- # # --...--# |...| # # ..(....# |...| ## ### --..d-- |...-# # # ------ --.-- |..>|###### ## --.-- |....| --- |...| ####-----.--- |....# |....| |...| #|.......| |...|#########|)...| ----- #........| |...| #.....| |.......| ----- |.<^.| |.......| ------ --------- Spontiff the Rhizotomist St:11 Dx:9 Co:14 In:10 Wi:16 Ch:16 Neutral S:281 Dlvl:4 $:1931 HP:3(14) Pw:7(7) AC:7 Xp:1/0 T:2168 Latest messages: The large dog bites the grid bug. The grid bug is killed! The large dog misses the grid bug. The large dog bites the grid bug. The grid bug is killed! You see here a chest. $ - 7 gold pieces. The grid bug attacks a spot beside you. The large dog picks up a chest. The large dog bites the grid bug. The grid bug is killed! The large dog drops a chest. The large dog picks up a chest. The large dog drops a chest. You see here a chest. The large dog bites the jackal. The jackal is killed! The large dog eats a jackal corpse. You see here a chest. The jackal attacks a spot beside you. The jackal misses! You see here a chest. The jackal bites! The jackal snaps wildly and misses! The jackal strikes at thin air! The large dog misses the jackal. The jackal snaps wildly and misses! The large dog bites the jackal. The jackal is killed! You see here a chest. Hmmm, it turns out to be locked. K - an uncursed crude dagger (weapon in hand). You have no secondary weapon readied. There is a locked chest here; force its lock? [ynq] (q) y You force your crude dagger into a crack and pry. You succeed in forcing the lock. You are empty handed. K - an uncursed crude dagger (alternate weapon; not wielded). You trigger a trap! A tower of flame bursts from the chest! Your gloves smoulder! Your scroll labeled ASHPD SODALG catches fire and burns! Your spellbook of extra healing catches fire and burns! Your spellbook of healing catches fire and burns! Your silver spellbook catches fire and burns! Some of your potions of extra healing boil and explode! #oh fuck off: unknown extended command. Really quit? (yes) [no] yes Do you want your possessions identified? [ynq] (y) y Do you want to see the dungeon overview? [ynq] (y) y Major events: Turn 1: spontiff the neutral male gnomish Healer entered the dungeon 2107: entered the Gnomish Mines 2168: quit Inventory: Coins $ - 1931 gold pieces Weapons W - an uncursed +0 dart k - an uncursed +0 dagger K - an uncursed +0 orcish dagger (alternate weapon; not wielded) Armor h - an uncursed +0 orcish helm (being worn) g - an uncursed burnt +1 pair of leather gloves (being worn) q - a blessed +0 cloak of invisibility (being worn) Comestibles y - 6 uncursed apples n - an uncursed food ration N - a cursed food ration p - 2 uncursed tripe rations u - an uncursed lichen corpse Scrolls v - an uncursed scroll of confuse monster Spellbooks w - an uncursed spellbook of haste self j - a blessed spellbook of stone to flesh Potions C - 3 uncursed potions of extra healing c - a blessed potion of healing H - an uncursed potion of restore ability l - an uncursed potion of water Rings a - a cursed -1 ring of increase damage b - a cursed ring of teleportation Wands S - an uncursed wand of sleep (0:6) Tools s - an uncursed stethoscope Gems/Stones e - a cursed worthless piece of white glass t - an uncursed worthless piece of yellow glass Spontiff the Healer's attributes: Background: You were a Rhizotomist, a level 1 male gnomish Healer. You were neutral, on a mission for Hermes who was opposed by Athena (lawful) and Poseidon (chaotic). You were in the Dungeons of Doom, on level 4. You entered the dungeon 2168 turns ago. You had 0 experience points, 20 were needed to attain level 2. Your score was 281 before end-of-game adjustments. Basics: You had 3 out of 14 hit points. You had all 7 energy points (spell power). Your armor class was 7. Your wallet contained 1931 zorkmids. Autopickup was on for '$!/="?' plus thrown, with exceptions. Final Characteristics: Your strength was 11 (limit:18/50). Your dexterity was 9 (limit:18). Your constitution was 14 (limit:18). Your intelligence was 10 (limit:19). Your wisdom was 16 (limit:18). Your charisma was 16 (limit:18). Final Status: You were not hungry. You were unencumbered. You were empty handed. You were unskilled in bare handed combat. Final Attributes: You were devoutly aligned. You were poison resistant. You had infravision. You were invisible. You were warded. You survived. Miscellaneous: You never encountered a bones level. Total elapsed playing time was 31 minutes and 10 seconds. Vanquished creatures: an acid blob 2 hobbits a giant rat 4 geckos 8 jackals a fox 3 kobolds 4 goblins a sewer rat 12 grid bugs 2 bats 6 lichens 6 newts 51 creatures vanquished. No species were genocided or became extinct. Voluntary challenges: You never hit with a wielded weapon. You were a pacifist. You read items or engraved 1 time. You never engraved Elbereth. You never genocided any monsters. You never polymorphed an object. You never changed form. You used no wishes. Achievement: You entered the Gnomish Mines. The Dungeons of Doom: levels 1 to 4 Level 1: "teletrap" Level 2: Level 3: "Shocked Lop" An altar, a fountain. Level 4: "iron bars" <- You were here. A grave. Stairs down to The Gnomish Mines. The Gnomish Mines: Level 5: Goodbye spontiff the Healer... You quit in The Dungeons of Doom on dungeon level 4 with 281 points, and 1931 pieces of gold, after 2168 moves. You were level 1 with a maximum of 14 hit points when you quit.